 Dungeon Crawl Stone Soup version 0.24.0-28-g17ded55e90 (webtiles) character file.

Game seed: 14421941435026071914, levelgen mode: deterministic

22 Matador8 the Grasshopper (level 2, 0/22 HPs)
             Began as a Demonspawn Warper on Nov 12, 2019.
             Succumbed to an adder's poison
             ... on level 2 of the Dungeon.
             The game lasted 00:03:45 (1048 turns).

Matador8 the Grasshopper (Demonspawn Warper)        Turns: 1048, Time: 00:03:46

Health: 0/22       AC:  5    Str: 11    XL:     2   Next: 68%
Magic:  5/5        EV: 11    Int: 14    God:
Gold:   48         SH:  0    Dex: 12    Spells: 3/5 levels left

rFire    . . .     SeeInvis .   a - +0 mace
rCold    . . .     Gourm    .   (no shield)
rNeg     . . .     Faith    .   b - +0 leather armour
rPois    .         Spirit   .   (no helmet)
rElec    .         Reflect  .   (no cloak)
rCorr    .         Harm     .   (no gloves)
MR       .....                  (no boots)
Stlth    +.........             (no amulet)
HPRegen  0.07/turn              (no ring)
MPRegen  0.09/turn              (no ring)

@: lethally poisoned (0 -> -8), berserk cooldown, slowed, very slow
A: iridescent scales 1
a: no special abilities


You were on level 2 of the Dungeon.
You were not hungry.

You visited 1 branch of the dungeon, and saw 2 of its levels.

You collected 48 gold pieces.

Inventory:

Hand Weapons
 a - a +0 mace (weapon)
Missiles
 k - 4 boomerangs (quivered)
Armour
 b - a +0 leather armour (worn)
 i - a +0 ring mail
Jewellery
 p - a +4 ring of protection {unknown}
Scrolls
 c - 2 scrolls of remove curse {unknown}
 d - 2 scrolls of blinking
 l - a scroll of enchant armour {unknown}
 n - a scroll of random uselessness {unknown}
Potions
 h - a potion of flight {unknown}
 j - a potion of mutation {unknown}
 m - a potion of lignification {unknown}
Comestibles
 f - 2 rations
 o - a chunk of flesh


   Skills:
 - Level 2.0 Fighting
 + Level 2.4 Maces & Flails
 - Level 0.8 Throwing
 - Level 0.8 Armour
 - Level 1.7 Dodging
 - Level 2.3 Spellcasting
 + Level 2.9 Translocations


You had 3 spell levels left.
You knew the following spells:

 Your Spells              Type           Power        Failure   Level  Hunger
a - Blink                 Tloc           N/A          14%         2    ###....

Your spell library contained the following spells:

 Spells                   Type           Power        Failure   Level  Hunger
 Shroud of Golubria       Chrm/Tloc      #.....       26%         2    ###....
 Gell's Gravitas          Tloc           #.........   26%         3    ###....
 Lesser Beckoning         Tloc           #.........   26%         3    ###....
 Teleport Other           Tloc           #.......     26%         3    ###....
 Passage of Golubria      Tloc           N/A          65%         4    #####..


Dungeon Overview and Level Annotations

Branches:
Dungeon (2/15)

Altars:


Innate Abilities, Weirdness & Mutations

You are partially covered in iridescent scales. (AC +2)


Message History

You kill the adder!
* * * LOW HITPOINT WARNING * * *
You feel sick.
It was a potion of berserk rage.
A red film seems to cover your vision as you go berserk!
You feel yourself moving faster!
You feel mighty!
* * * LOW HITPOINT WARNING * * *
You feel sick.
Unknown command.
You are too berserk!
You feel a strong urge to attack something.
* * * LOW HITPOINT WARNING * * *
You feel sick.
You feel your anger nearly subside.
* * * LOW HITPOINT WARNING * * *
You feel sick.
You are no longer berserk.
You are exhausted.
You feel yourself slow down.
You die...

..# #.# #.#
######.# ....#.#
....## #...######
#........#
.#######@.#####..
........†.#
###.###.#.####
#......# ####.#.#
#.#(# #.#.######
#........#
##.......#


There were no monsters in sight!

Vanquished Creatures
  An adder (D:2)
  A worm (D:2)
  2 bats (D:1)
  2 goblins
  A hobgoblin (D:2)
  2 jackals (D:1)
  A frilled lizard (D:2)
10 creatures vanquished.

Notes
Turn   | Place    | Note
-------+----------+-------------------------------------------
     0 | D:1      | Matador8 the Demonspawn Warper began the quest for the Orb.
     0 | D:1      | Reached XP level 1. HP: 16/16 MP: 3/3
   816 | D:2      | Gained mutation: You are partially covered in iridescent
                  | scales. (AC +2) [demonic ancestry]
   816 | D:2      | Reached XP level 2. HP: 22/22 MP: 5/5
   840 | D:2      | Learned a level 2 spell: Blink
  1048 | D:2      | Succumbed to an adder's poison

Levels and vault maps discovered:
D:1:      minmay_arrival_four_loops, layout_basic
D:2:      layout_rooms, uniq_crazy_yiuf_cottage

Skill      XL: |  1 |
---------------+----+-----
Maces & Flails | 2 |  2.4
Fighting       | |  2.0
Throwing       | |  0.8
Armour         | |  0.8
Dodging        | |  1.7
Spellcasting   | |  2.3
Translocations | |  2.9

Action                   || total
-------------------------++-------
Melee: Mace              ||    32
Throw: Boomerang         ||     6
  Use: Potion            ||     1
Armor: Leather armour    ||    15
Dodge: Dodged            ||    17
